 Dungeon Crawl Stone Soup version 0.32-a0-938-g40ac7a0f4d (webtiles) character file.

Game seed: 10930105372402043100

910 smashvw the Poker (level 7, -2/59 HPs)
             Began as a Mountain Dwarf Fighter on Apr 15, 2024.
             Slain by an orc warrior
             ... wielding a +1 broad axe of freezing
              (11 damage)
             ... on level 6 of the Dungeon.
             The game lasted 00:10:05 (5143 turns).

smashvw the Poker (Mountain Dwarf Fighter)          Turns: 5143, Time: 00:10:06

Health: -2/59      AC: 11    Str: 20    XL:     7   Next: 81%
Magic:  7/7        EV:  6    Int:  9    God:
Gold:   367        SH:  4    Dex:  9    Spells: 6/6 levels left

rFire   . . .        a - +0 trident
rCold   . . .        c - +0 buckler
rNeg    . . .        E - +0 chain mail
rPois   .            (no helmet)
rElec   .            y - +0 cloak
rCorr   .            k - +0 pair of gloves
SInv    .            (no boots)
Will    .....        A - amulet of regeneration Stlth
                     (no ring)
HPRegen 1.09/turn    (no ring)
MPRegen 0.10/turn

%: no passive effects
@: mighty
A: runic magic, artefact enchanting
a: no special abilities


You were on level 6 of the Dungeon.
You visited 1 branch of the dungeon, and saw 6 of its levels.
You also visited: Sewer.

You collected 367 gold pieces.

Inventory:

Hand Weapons
 a - a +0 trident (weapon)
Armour
 c - a +0 buckler (worn)
 k - a +0 pair of gloves (worn)
 w - a +2 tower shield
 y - a +0 cloak (worn)
 E - a +0 chain mail (worn)
Jewellery
 f - a ring of magical power
 q - a ring of positive energy
 A - an amulet of regeneration (around neck)
 B - an amulet of the acrobat
 C - a ring of wizardry
Wands
 r - a wand of polymorph (13)
Scrolls
 b - a scroll of identify {unknown}
 h - 2 scrolls of amnesia {unknown}
 i - a scroll of acquirement {unknown}
 j - 2 scrolls of brand weapon {unknown}
 m - a scroll of enchant weapon {unknown}
 n - a scroll of butterflies {unknown}
 p - a scroll of blinking {unknown}
 t - 2 scrolls of immolation {unknown}
 u - a scroll of silence {unknown}
 x - a scroll of poison {unknown}
 D - a scroll of revelation {unknown}
Potions
 d - 2 potions of might
 e - a potion of attraction
 g - 2 potions of mutation {unknown}
 l - a potion of cancellation
 o - a potion of magic {unknown}
 s - 2 potions of invisibility {unknown}
 v - a potion of curing {unknown}
 z - a potion of heal wounds


   Skills:
 - Level 4.0 Fighting
 + Level 7.4 Polearms
 - Level 4.0 Armour
 - Level 6.0 Shields


You had 6 spell levels left.
You didn't know any spells.
Your spell library contained the following spells:

 Spells                   Type           Power      Damage    Failure   Level
 Inner Flame              Hex/Fire       0%         N/A       94%         3
 Irradiate                Conj/Alch      0%         3d11      100%        5
 Ignition                 Fire           0%         3d3       100%        8


Dungeon Overview and Level Annotations

Branches:
Dungeon (6/15)              Sewer (visited)
 Temple: D:4-7

Altars:
Elyvilon
Hepliaklqana
Nemelex Xobeh
Qazlal
Ru
Uskayaw

Shops:
D:5 [


Innate Abilities, Weirdness & Mutations

Your spellcasting is much less encumbered by armour.
You can use scrolls of enchantment on lesser artefacts.


Message History

You hit the orc wizard.
The orc wizard is almost dead.
The orc wizard gestures at you while chanting.
The magic dart hits you! The orc barely misses you.
You barely miss the orc wizard.
The orc wizard is almost dead.
The orc wizard hits you but does no damage.
The orc hits you but does no damage.
You barely miss the orc wizard.
The orc wizard is almost dead.
The orc wizard barely misses you. The orc hits you with a +0 hand axe.
You puncture the orc wizard!
You kill the orc wizard!
The orc closely misses you.
You completely miss the orc. You block the orc's attack.
You hit the orc but do no damage. The orc hits you with a +0 hand axe.
You closely miss the orc. You closely miss the orc. You block the orc's attack.
You closely miss the orc warrior. The orc warrior barely misses you.
You block the orc's attack.
You barely miss the orc. The orc warrior barely misses you.
You block the orc's attack.
You hit the orc.
The orc is moderately wounded.
The orc warrior closely misses you. The orc closely misses you.
You hit the orc but do no damage.
The orc is moderately wounded.
The orc warrior hits you with a +1 broad axe of freezing!
The orc warrior freezes you.
* * * LOW HITPOINT WARNING * * *
The orc hits you but does no damage.
You hit the orc warrior but do no damage.
The orc warrior hits you with a +1 broad axe of freezing!
* * * LOW HITPOINT WARNING * * *
The orc warrior freezes you.
* * * LOW HITPOINT WARNING * * *
The orc hits you but does no damage.
You feel very mighty all of a sudden.
The orc warrior hits you with a +1 broad axe of freezing!
You die...

..#.### .....##
##.....###
##........#
#........#
#........######
##..............
#...†..oo)......
#......@#......#
#......##.......
##.######
.....#. ##..#
.....# #..##
#...##
#####.######
...#
#..........#
..##
#............ ##
##...........


You could see an orc warrior and an orc.

Vanquished Creatures
  A water moccasin (D:5)
  A centaur (D:5)
  2 kobold brigands
  3 scorpions (D:5)
  2 bombardier beetles
  A hound (D:5)
  A jelly (D:5)
  A sleepcap (D:5)
  2 iguanas
  An orc wizard (D:6)
  5 adders
  2 ufetubi (D:5)
  5 dart slugs
  A ribbon worm (D:2)
  9 orcs
  7 ball pythons
  7 endoplasms
  3 giant cockroaches
  10 goblins
  6 hobgoblins
  2 jackals (D:3)
  9 quokkas
  5 bats
  3 frilled lizards
  24 kobolds
  5 rats
118 creatures vanquished.

Notes
Turn   | Place    | Note
-------+----------+-------------------------------------------
     0 | D:1      | smashvw the Mountain Dwarf Fighter began the quest for the
                  | Orb.
     0 | D:1      | Reached XP level 1. HP: 19/19 MP: 1/1
   354 | D:1      | Reached XP level 2. HP: 20/26 MP: 2/2
   683 | D:1      | Found a faded altar of an unknown god.
  1036 | D:2      | Reached XP level 3. HP: 33/33 MP: 3/3
  1839 | D:3      | Found a glowing drain.
  1869 | Sewer    | Entered a sewer
  1920 | Sewer    | Reached XP level 4. HP: 40/40 MP: 4/4
  2212 | Sewer    | Noticed a kobold brigand
  2226 | Sewer    | Killed a kobold brigand
  2227 | Sewer    | Reached skill level 3 in Polearms
  2227 | Sewer    | Reached XP level 5. HP: 29/46 MP: 5/5
  2444 | D:3      | Found a hazy altar of Hepliaklqana.
  3139 | D:4      | Found a sparkling altar of Nemelex Xobeh.
  3155 | D:4      | Identified the +0 robe "Zianeg" {Will+ Str+3 SInv}
  3281 | D:4      | Found a hide-covered altar of Uskayaw.
  3433 | D:4      | Found a white marble altar of Elyvilon.
  3546 | D:4      | Reached skill level 5 in Shields
  3580 | D:4      | Reached skill level 4 in Polearms
  3903 | D:4      | Noticed an air elemental
  3905 | D:4      | Found a stormy altar of Qazlal.
  3906 | D:4      | Noticed a fire elemental
  3906 | D:4      | Noticed a water elemental
  3963 | D:5      | Entered Level 5 of the Dungeon
  3990 | D:5      | Found a sacrificial altar of Ru.
  4005 | D:5      | Reached XP level 6. HP: 50/52 MP: 6/6
  4455 | D:5      | Reached skill level 5 in Polearms
  4458 | D:5      | Reached XP level 7. HP: 59/59 MP: 7/7
  4501 | D:5      | Reached skill level 6 in Polearms
  4600 | D:5      | Noticed an animated storm dragon scales
  4613 | D:5      | Noticed an animated crystal plate armour
  4620 | D:5      | Found Ajaec's Armour Shoppe.
  5055 | D:6      | Reached skill level 7 in Polearms
  5143 | D:6      | Slain by an orc warrior

Illustrated notes

Levels and vault maps discovered:
D:1:      psy_arrival_spokes, layout_basic, shapermc_ecumenical_altar_petra,
          hangedman_decor_clover_reticule
D:2:      minmay_chambers_of_ones, layout_basic
D:3:      layout_rooms, mainiacjoe_overflow_surrounded_room,
          gup_sewer_entry_pipe, minmay_pentomino_pile
D:4:      layout_loops_ring, mainiacjoe_overflow_alcove_4,
          nicolae_qazlal_style_of_elements, nemelex_xobeh_ov_fountains_minmay,
          kennysheep_mini_moat
D:5:      layout_cave_pools, lemuel_tele_altar, serial_shops,
          nicolae_shop_mannequins
D:6:      layout_cave_pods, uniq_menkaure

Skill      XL: |  1  2  3  4  5  6  7 |
---------------+----------------------+-----
Fighting       | 4 |  4.0
Armour         | 4 |  4.0
Shields        | 4 5 6 |  6.0
Polearms       | 3 4 5 7 |  7.4

Action                     |  1- 3 |  4- 6 |  7- 9 || total
---------------------------+-------+-------+-------++-------
  Melee: Trident           |   162 |   232 |   120 ||   514
    Use: Potion            |       |     3 |     1 ||     4
 Armour: Scale mail        |    72 |   188 |    55 ||   315
         Robe              |       |     9 |       ||     9
         Chain mail        |       |       |    83 ||    83
  Dodge: Dodged            |    48 |    78 |    67 ||   193
  Block: Buckler           |    24 |    53 |    40 ||   117

Table legend: (Time is in decaauts)
 A = Elapsed time spent in this place.
 B = Non-inter-level travel time spent in this place.
 C = Inter-level travel time spent in this place.
 D = Time resting spent in this place.
 E = Time spent auto-exploring this place.
 F = Levels seen in this place.
 G = Mean time per level.
                   A        B        C        D        E       F      G
               +--------+--------+--------+--------+--------+-----+--------+
         Total |   5241 |   5040 |    201 |    313 |   3670 |   7 |  748.7 |
       Dungeon |   4661 |   4460 |    201 |    313 |   3235 |   6 |  776.8 |
         Sewer |    580 |    580 |      0 |      0 |    435 |   1 |  580.0 |
               +--------+--------+--------+--------+--------+-----+--------+

Top non-repeatable levels by time:
     D:4: 1171 daAuts
     D:2: 994 daAuts
     D:3: 888 daAuts
     D:1: 764 daAuts
     D:5: 704 daAuts
   Sewer: 580 daAuts
     D:6: 137 daAuts
